 Dungeon Crawl Stone Soup version 0.24-a0-170-gd8427f5 (webtiles) character file.

Game seed: 16350691576538921888

796 Borgoz the Cutter (level 7, -4/44 HPs)
             Began as a Gargoyle Monk on Mar 8, 2019.
             Was a Believer of Ashenzari.
             Slain by Edmund
             ... wielding a +3 dire flail of distortion
              (7 damage)
             ... on level 5 of the Dungeon.
             The game lasted 00:08:07 (4014 turns).

Borgoz the Cutter (Gargoyle Monk)                   Turns: 4014, Time: 00:08:07

Health: -4/44      AC: 12    Str: 14    XL:     7   Next: 89%
Magic:  7/7        EV: 13    Int: 12    God:    Ashenzari [**....]
Gold:   253        SH:  0    Dex: 13    Spells: 6/6 levels left

rFire    . . .     SeeInvis .   d - +1 short sword (venom)
rCold    . . .     Gourm    .   (no shield)
rNeg     + . .     Faith    .   o - +0 leather armour (curse)
rPois    ∞         Spirit   .   h - +0 helmet
rElec    +         Reflect  .   b - +2 cloak {rPois}
rCorr    .         Harm     .   (no gloves)
MR       .....                  (no boots)
Stlth    ++........             (no amulet)
HPRegen  0.14/turn              (no ring)
MPRegen  0.10/turn              (no ring)

@: no status effects
A: negative energy resistance 1, electricity resistance, unbreathing,
petrification resistance, rot immunity, AC +4
a: Curse Item, Scrying, Renounce Religion


You were on level 5 of the Dungeon.
You worshipped Ashenzari.
Ashenzari was pleased with you.
You were not hungry.

You visited 2 branches of the dungeon, and saw 6 of its levels.

You collected 253 gold pieces.

Inventory:

Hand Weapons
 d - a +1 short sword of venom (weapon)
 r - a +1 dagger of pain
Missiles
 g - 7 javelins of penetration (quivered)
Armour
 b - a +2 cloak of poison resistance (worn)
 h - a +0 helmet (worn)
 n - a +0 ring mail
 o - a cursed +0 leather armour (worn)
Jewellery
 q - an uncursed amulet of rage
 u - a +3 ring of intelligence
Wands
 l - a wand of paralysis (5)
Scrolls
 e - 3 scrolls of remove curse
 f - 2 scrolls of amnesia {unknown}
 j - 3 scrolls of magic mapping {unknown}
 k - 6 scrolls of teleportation {unknown}
 s - 4 scrolls of identify
 w - a scroll of blinking {unknown}
 y - a scroll of immolation {unknown}
Potions
 a - a potion of mutation {unknown}
 i - 3 potions of curing
 m - a potion of cancellation
 p - 2 potions of flight
 t - 2 potions of agility {unknown}
 v - a potion of magic {unknown}
 x - 2 potions of haste {unknown}
Comestibles
 c - 8 rations


   Skills:
 + Level 4.7 Fighting
 * Level 5.0 Short Blades
 * Level 4.8 Armour
 + Level 3.5 Dodging
 + Level 4.3 Stealth


You had 6 spell levels left.
You didn't know any spells.
Your spell library was empty.

Dungeon Overview and Level Annotations

Branches:
Dungeon (5/15)             Temple (1/1) D:4

Altars:
Ashenzari
Cheibriados
Dithmenos
Elyvilon
Fedhas
Gozag
Hepliaklqana
Kikubaaqudgha
Makhleb
Nemelex Xobeh
Okawaru
Qazlal
Ru
Sif Muna
Trog
Vehumet
Xom
Yredelemnul
Zin
The Shining One

Annotations:
D:5 Edmund


Innate Abilities, Weirdness & Mutations

You are resistant to torment.
Your stone body is resilient. (AC +4)
You are immune to poison.
You resist negative energy. (rN+)
You are resistant to electric shocks. (rElec)
You can survive without breathing.
You are immune to petrification.
You are immune to rotting.


Message History

You blink.
Edmund hits you but does no damage.
You blink.
Edmund says, "A flail is better than a scythe, any day of the week!"
Edmund hits you but does no damage.
You blink.
Edmund closely misses you.
You hit Edmund.
Edmund is heavily wounded.
Edmund hits you with a +3 dire flail of distortion.
Space warps horribly around you!!
Ouch! That really hurt!
* * * LOW HITPOINT WARNING * * *
You are too injured to fight recklessly!
You are too injured to fight recklessly!
Okay, then.
You hit Edmund but do no damage.
Edmund is severely wounded.
Edmund hits you with a +3 dire flail of distortion.
* * * LOW HITPOINT WARNING * * *
Space warps horribly around you!
You die...

#.........###..,..#*#.......
#.........##+#####+*#.......
#+####........... , .......
#...##..........##+ +######
#..........#....... ......
#..........+....... ......
#...###+####....... , ......
##'###.............. ,......
#..........@@....... ......
#............######+* ######
#............# , *
#............# ,
#..>.....>...### **
#................ *
#................ , ,
#................+, *
#.....#######....# *


You could see Edmund.

Vanquished Creatures
  2 ogres
  A hound (D:2)
  2 orc priests (D:4)
  2 iguanas
  Ijyb (D:3)
  Natasha (thrice) (D:4)
  6 orc wizards (D:4)
  2 worker ants (D:4)
  Robin (D:3)
  6 adders
  7 dart slugs
  4 leopard geckos
  8 orcs
  7 bats
  8 giant cockroaches
  18 goblins
  9 hobgoblins
  3 quokkas
  2 ball pythons
  7 kobolds
  A quokka skeleton (D:4)
  7 rats
  A spectral orc (D:2)
108 creatures vanquished.

Notes
Turn   | Place    | Note
-------+----------+-------------------------------------------
     0 | D:1      | Borgoz the Gargoyle Monk began the quest for the Orb.
     0 | D:1      | Reached XP level 1. HP: 14/14 MP: 1/1
    66 | D:1      | Reached XP level 2. HP: 13/19 MP: 2/2
    72 | D:1      | Reached skill level 1 in Armour
   265 | D:1      | Reached skill level 3 in Short Blades
   322 | D:1      | Reached XP level 3. HP: 13/23 MP: 3/3
  1312 | D:3      | Reached XP level 4. HP: 27/28 MP: 4/4
  1342 | D:2      | Found a snail-covered altar of Cheibriados.
  1565 | D:2      | Found a basalt altar of Yredelemnul.
  2149 | D:3      | Noticed Robin
  2150 | D:3      | Reached XP level 5. HP: 33/33 MP: 5/5
  2160 | D:3      | Killed Robin
  2227 | D:3      | Noticed Ijyb
  2256 | D:3      | Paralysed by Ijyb for 7 turns
  2259 | D:3      | Killed Ijyb
  2339 | D:3      | Found an opulent altar of Gozag.
  2509 | D:3      | Noticed an ogre
  2520 | D:3      | Killed an ogre
  2520 | D:3      | Reached skill level 4 in Short Blades
  2520 | D:3      | Reached XP level 6. HP: 38/38 MP: 6/6
  2837 | D:4      | Reached XP level 7. HP: 16/43 MP: 7/7
  2922 | D:4      | HP: 2/43 [something/magic dart (9)]
  2959 | D:4      | Found a staircase to the Ecumenical Temple.
  3143 | D:4      | Found a shimmering altar of Xom.
  3160 | D:4      | Noticed Natasha
  3178 | D:4      | Killed Natasha
  3498 | D:4      | Noticed Natasha
  3507 | D:4      | Killed Natasha
  3520 | D:4      | Noticed Natasha
  3529 | D:4      | Killed Natasha
  3578 | Temple   | Entered the Ecumenical Temple
  3666 | Temple   | Became a worshipper of Ashenzari the Shackled
  3666 | Temple   | Reached * piety under Ashenzari
  3666 | Temple   | Reached ** piety under Ashenzari
  3763 | D:4      | Found a sparkling altar of Nemelex Xobeh.
  3847 | D:5      | Entered Level 5 of the Dungeon
  3861 | D:5      | Found a bloodstained altar of Trog.
  3941 | D:5      | Reached skill level 5 in Short Blades
  3993 | D:5      | Noticed Edmund
  4014 | D:5      | Slain by Edmund

Levels and vault maps discovered:
D:1:      dpeg_arrival_three_bigger_balls, layout_loops_ring,
          kennysheep_doodads, kennysheep_minor_cross, minmay_pentomino_v2
D:2:      layout_basic, lemuel_crystal_altar,
          yredelemnul_forgotten_temple_becter, first_ration
D:3:      layout_loops_ring, lemuel_doored_altar, uniq_robin, uniq_ijyb
D:4:      layout_rooms, nemelex_altar_shiori, old_standard_altar, temple_pool_b,
          uniq_natasha
D:5:      layout_gridville, nicolae_overflow_crystal_walls,
          roderic_cross_of_infinity, uniq_prince_ribbit1, uniq_edmund,
          uniq_menkaure
Temple:   zaba_magenta_temple

Skill      XL: |  1  2  3  4  5  6  7 |
---------------+----------------------+-----
Armour         | 1 2 3 4 |  4.8
Short Blades   | 3 4 5 |  5.0
Stealth        | 3 4 |  4.3
Fighting       | 4 |  4.7
Dodging        | 3 |  3.5

Action                   |  1- 3 |  4- 6 |  7- 9 || total
-------------------------+-------+-------+-------++-------
Melee: Short sword       |    45 |   113 |   109 ||   267
       Dagger            |   134 |   110 |       ||   244
  Use: Scroll            |       |     4 |       ||     4
       Potion            |       |     1 |     2 ||     3
 Stab: Sleeping          |     4 |     1 |       ||     5
  Eat: Chunk             |     1 |     2 |     4 ||     7
       Ration            |       |     1 |       ||     1
Armor: Robe              |    45 |       |       ||    45
       Ring mail         |    48 |    51 |       ||    99
       Leather armour    |       |    66 |    72 ||   138
Dodge: Dodged            |   137 |   147 |    48 ||   332

Table legend:
 A = Non-vault XP
 B = Vault XP
 C = Vault XP percentage of total XP
 D = Non-vault monster count
 E = Vault monster count
 F = Vault count percentage of total count
                 A         B        C        D         E       F
            +---------+---------+-------+---------+---------+-------
      Total |    1026 |     112 |   9.8 |      93 |      15 |  13.9
            +---------+---------+-------+---------+---------+-------
        D:1 |      57 |       8 |  12.3 |      30 |       2 |   6.2
        D:2 |      65 |       1 |   1.5 |       6 |       1 |  14.3
        D:3 |     220 |      68 |  23.6 |      32 |      11 |  25.6
        D:4 |     634 |      35 |   5.2 |      23 |       1 |   4.2
        D:5 |      50 |       0 |   0.0 |       2 |       0 |   0.0
            +---------+---------+-------+---------+---------+-------
